Map: Simulacrum LE

Players

Ratl

  • Race: Protoss Protoss
  • League: Silver
  • Spawn Location: 11:00

Drumspyder - Winner!

  • Race: Protoss Protoss
  • League: Silver
  • Spawn Location: 5:00

VOD

Have the link to the VOD?

Description

Time

  • Played on: Feb. 4, 2020, 2:09 a.m.
  • Length: 17:03
Show
View Real Time Build Order
Export as new Build Order

Ratl Protoss 

Build Orders:  

Get SALT Encoding   

  12  0:01  Probe  
  13  0:13  Probe  
  14  0:19  Pylon  
  14  0:30  Probe  
  15  0:42  Probe, Gateway  
  16  0:51  Assimilator  
  16  0:54  Probe  
  17  1:06  Probe  
  17  1:11  Gateway  
  19  1:18  Probe (Chrono Boost)  
  19  1:25  Assimilator  
  19  1:30  Probe (Chrono Boost)  
  20  1:38  Pylon  
  20  1:39  Probe (Chrono Boost)  
  20  1:42  Cybernetics Core  
  21  1:50  Probe  
  22  2:02  Probe  
  23  2:14  Probe  
  24  2:19  Warp Gate (Chrono Boost)  
  24  2:26  Stalker x2  
  28  2:55  Probe  
  29  3:07  Probe  
  30  3:21  Probe  
  30  3:23  Pylon  
  30  3:25  Nexus  
  31  3:40  Stalker x2  
  31  3:41  Probe  
  36  3:46  Robotics Facility  
  36  3:47  Gateway  
  36  3:49  Gateway  
  36  3:53  Probe  
  37  4:05  Probe  
  38  4:23  Probe  
  39  4:37  Immortal (Chrono Boost)  
  44  4:38  Probe (Chrono Boost)  
  44  4:45  Probe (Chrono Boost)  
  45  4:49  Pylon x2  
  46  4:54  Probe (Chrono Boost)  
  46  4:55  Probe (Chrono Boost)  
  46  4:56  Assimilator  
  46  5:00  Probe (Chrono Boost)  
  46  5:01  Probe  
  46  5:06  Stalker x2  
  52  5:11  Probe  
  52  5:13  Probe, Warp Prism (Chrono Boost)  
  54  5:20  Pylon  
  56  5:27  Stalker x2  
  60  5:35  Probe x2  
  62  5:40  Assimilator  
  62  5:42  Observer  
  63  5:47  Probe x2  
  65  5:52  Forge, Stalker  
  65  5:53  Forge  
  65  6:03  Observer  
  56  6:28  Stalker x4  
  58  6:53  Probe x2  
  58  6:59  Protoss Ground Weapons Level 1 (Chrono Boost), Protoss Ground Armor Level 1 (Chrono Boost)  
  58  7:05  Probe x2  
  58  7:07  Twilight Council  
  60  7:08  Immortal (Chrono Boost)  
  64  7:16  Robotics Facility  
  64  7:20  Gateway  
  64  7:24  Gateway  
  64  7:28  Gateway  
  64  7:33  Pylon  
  63  7:37  Immortal (Chrono Boost)  
  63  7:43  Charge  
  67  7:50  Stalker x2  
  67  7:51  Zealot, Stalker  
  75  7:59  Templar Archives  
  75  8:01  Photon Cannon  
  75  8:04  Photon Cannon  
  75  8:08  Probe  
  75  8:09  Probe  
  75  8:10  Immortal  
  75  8:11  Photon Cannon  
  81  8:18  Stalker x2  
  85  8:20  Probe  
  85  8:23  Pylon  
  86  8:30  Nexus  
  86  8:41  Probe x2, Pylon  
  88  8:53  Probe x2  
  88  8:55  Immortal  
  94  8:59  Observer  
  87  9:10  Pylon  
  87  9:12  Pylon, Protoss Ground Armor Level 2 (Chrono Boost)  
  71  9:17  Stalker  
  71  9:18  Stalker x2  
  71  9:20  Immortal  
  78  9:40  Observer  
  78  9:41  Stalker x3  
  85  9:47  Zealot x4  
  85  9:51  Protoss Ground Weapons Level 2 (Chrono Boost)  
  93  10:08  Immortal x2  
  101  10:18  Twilight Council  
  101  10:32  Nexus  
  101  10:41  Pylon  
  101  10:44  Pylon  
  101  10:47  Pylon  
  101  10:52  Pylon  
  101  10:58  Pylon  
  101  11:02  Probe x2  
  101  11:14  Probe x2  
  80  11:26  Probe  
  73  11:35  Stalker x2  
  73  11:36  Stalker x5  
  83  11:55  Probe x2  
  83  11:58  Probe  
  83  12:00  Stalker x2  
  83  12:01  Zealot x5  
  102  12:10  Probe (Chrono Boost)  
  102  12:12  Probe x2 (Chrono Boost)  
  103  12:20  Probe (Chrono Boost)  
  103  12:22  Probe x2 (Chrono Boost)  
  106  12:25  Probe (Chrono Boost)  
  106  12:29  Protoss Ground Armor Level 3 (Chrono Boost)  
  107  12:32  Probe x2, Assimilator  
  107  12:34  Assimilator  
  109  12:43  Nexus  
  83  12:59  Stalker  
  83  13:00  Stalker x6  
  83  13:02  Immortal  
  91  13:35  Observer (Chrono Boost)  
  91  13:37  Stalker x2  
  91  13:38  Zealot x5  
  102  13:42  Observer (Chrono Boost)  
  102  13:44  Protoss Ground Weapons Level 3 (Chrono Boost)  
  87  13:57  Pylon  
  85  14:06  Gateway  
  85  14:07  Gateway  
  85  14:08  Gateway  
  85  14:15  Probe x3  
  88  14:17  Probe  
  89  14:27  Probe x3  
  89  14:29  Stargate  
  92  14:31  Stargate  
  92  14:34  Stargate  
  92  14:48  High Templar x3  
  92  14:49  High Templar x2  
  92  14:50  High Templar  
  92  14:51  Zealot  
  106  14:53  Archon x2  
  106  14:54  Archon  
  106  14:57  Probe x4  
  110  15:09  Probe x2  
  112  15:15  Gateway  
  112  15:18  Gateway  
  112  15:23  Zealot  
  112  15:24  Zealot x5  
  112  15:25  Zealot x4  
  132  15:31  Phoenix x2  
  132  15:32  Phoenix  
  138  15:42  Warp Prism  
  140  15:55  Assimilator  
  140  15:59  Assimilator  
  140  16:00  Phoenix  
  140  16:01  Phoenix x2  
  146  16:05  Nexus  
  146  16:25  Phoenix  
  146  16:26  Phoenix x2  
  104  16:47  Stalker x2  
  104  16:48  Stalker x6  
  104  16:49  Stalker  
Show
View Real Time Build Order
Export as new Build Order

Drumspyder Protoss - Winner!

Build Orders: Zealot Archon, Dark Templar Rush 

Get SALT Encoding   

  12  0:00  Probe  
  13  0:13  Probe  
  14  0:22  Pylon  
  14  0:25  Probe  
  15  0:29  Assimilator  
  15  0:40  Gateway  
  15  0:43  Probe (Chrono Boost)  
  16  0:53  Probe (Chrono Boost)  
  17  0:58  Probe (Chrono Boost)  
  18  1:04  Assimilator  
  18  1:09  Probe (Chrono Boost)  
  19  1:15  Probe (Chrono Boost)  
  20  1:23  Probe  
  21  1:27  Cybernetics Core  
  21  1:34  Pylon  
  21  1:35  Probe  
  22  1:57  Nexus  
  22  2:05  Warp Gate  
  22  2:10  Probe  
  23  2:16  Robotics Facility  
  23  2:28  Twilight Council  
  23  2:49  Pylon  
  23  3:15  Immortal  
  26  3:21  Pylon  
  26  3:24  Robotics Facility  
  26  3:32  Robotics Bay  
  26  3:34  Dark Shrine  
  27  3:35  Probe (Chrono Boost)  
  27  3:36  Probe (Chrono Boost)  
  28  3:45  Probe x2 (Chrono Boost)  
  30  3:49  Probe (Chrono Boost)  
  30  3:50  Probe (Chrono Boost)  
  32  3:55  Assimilator  
  31  4:13  Immortal  
  34  4:17  Probe  
  35  4:29  Probe (Chrono Boost)  
  36  4:38  Assimilator  
  37  4:39  Probe (Chrono Boost)  
  37  4:43  Probe (Chrono Boost)  
  38  4:49  Probe (Chrono Boost)  
  38  4:51  Probe (Chrono Boost)  
  40  4:56  Probe x2 (Chrono Boost)  
  42  5:01  Immortal  
  46  5:10  Probe (Chrono Boost)  
  46  5:13  Probe (Chrono Boost)  
  49  5:23  Probe (Chrono Boost)  
  49  5:25  Probe (Chrono Boost)  
  50  5:32  Probe (Chrono Boost)  
  50  5:33  Probe (Chrono Boost)  
  52  5:39  Probe x2 (Chrono Boost)  
  52  5:40  Stargate  
  54  5:45  Forge  
  54  5:50  Pylon  
  54  5:59  Pylon  
  54  6:01  Pylon  
  54  6:08  Probe x2, Observer x2  
  50  6:17  Dark Templar  
  51  6:20  Probe  
  46  6:36  Void Ray  
  49  6:44  Immortal  
  53  6:59  Dark Templar  
  55  7:04  Immortal  
  59  7:17  Protoss Ground Weapons Level 1  
  59  7:19  Void Ray  
  63  7:34  Protoss Air Weapons Level 1  
  63  7:36  Dark Templar  
  65  7:40  Archon  
  65  7:41  Observer  
  65  7:46  Immortal x2  
  73  8:12  Nexus  
  73  8:19  Gateway x2  
  73  8:26  Dark Templar  
  75  8:41  Pylon  
  75  8:43  Pylon  
  75  8:46  Probe (Chrono Boost)  
  76  8:50  Pylon  
  76  8:53  Assimilator  
  76  8:54  Assimilator  
  77  8:56  Probe (Chrono Boost)  
  77  8:59  Void Ray  
  77  9:00  Probe (Chrono Boost)  
  78  9:12  Probe  
  75  9:24  Probe  
  74  9:40  Probe (Chrono Boost)  
  75  9:49  Probe (Chrono Boost)  
  76  9:54  Probe (Chrono Boost)  
  76  9:58  Observer  
  76  9:59  Probe (Chrono Boost)  
  78  10:02  Protoss Ground Armor Level 1 (Chrono Boost)  
  78  10:03  Observer  
  78  10:04  Nexus  
  78  10:05  Probe (Chrono Boost), Assimilator x2  
  80  10:10  Probe x2 (Chrono Boost), Protoss Air Armor Level 1  
  80  10:12  Assimilator  
  80  10:13  Probe (Chrono Boost)  
  82  10:15  Nexus  
  82  10:19  Assimilator  
  82  10:20  Probe (Chrono Boost)  
  85  10:22  Probe (Chrono Boost)  
  85  10:23  Probe (Chrono Boost)  
  85  10:25  Probe (Chrono Boost)  
  85  10:27  Immortal (Chrono Boost)  
  85  10:30  Probe  
  85  10:33  Probe, Immortal (Chrono Boost)  
  91  10:36  Probe  
  91  10:42  Probe  
  97  10:43  Dark Templar x3  
  97  10:47  Phoenix  
  97  10:48  Probe  
  106  11:02  Immortal (Chrono Boost)  
  114  11:05  Immortal (Chrono Boost)  
  82  11:54  Immortal x2 (Chrono Boost)  
  82  12:00  Probe (Chrono Boost)  
  91  12:05  Dark Templar x3  
  91  12:07  Phoenix  
  99  12:10  Probe (Chrono Boost)  
  99  12:15  Probe (Chrono Boost)  
  101  12:24  Immortal  
  101  12:25  Immortal  
  103  12:32  Phoenix  
  81  14:00  Immortal x2  
  83  14:08  Assimilator, Nexus  
  83  14:09  Assimilator, Robotics Facility  
  83  14:11  Robotics Facility  
  83  14:12  Robotics Facility  
  83  14:15  Robotics Facility  
  83  14:17  Nexus, Robotics Facility  
  83  14:21  Stargate x2  
  83  14:24  Stargate  
  83  14:25  Protoss Shields Level 1 (Chrono Boost)  
  83  14:26  Gateway  
  83  14:28  Gateway  
  83  14:34  Probe (Chrono Boost), Gateway  
  83  14:36  Gateway  
  83  14:38  Fleet Beacon, Immortal x2 (Chrono Boost)  
  84  14:44  Probe (Chrono Boost)  
  93  14:49  Probe (Chrono Boost)  
  102  15:02  Immortal (Chrono Boost)  
  102  15:04  Immortal x2 (Chrono Boost)  
  102  15:05  Immortal (Chrono Boost)  
  102  15:06  Immortal (Chrono Boost)  
  102  15:07  Phoenix  
  116  15:09  Observer  
  117  15:14  Pylon  
  117  15:15  Pylon  
  117  15:17  Pylon  
  117  15:19  Phoenix x2, Immortal  
  117  15:20  Pylon  
  125  15:23  Anion Pulse-Crystals  
  125  15:31  Phoenix  
  127  15:49  Probe (Chrono Boost)  
  128  15:59  Probe (Chrono Boost), Immortal x3, Observer  
  128  16:04  Probe (Chrono Boost)  
  143  16:12  Phoenix x2  
  143  16:13  Phoenix  
  143  16:15  Probe  
  143  16:17  Dark Templar x2  
  154  16:20  Dark Templar, Observer  
Tags
 
Composition
Zealot Archon
Matchup
PvP
Spawn Locations
Cross Positions
Add a new tag
Caveats
  • Supply blocks, unpowered buildings, or Contaminate may cause inaccurate times.
  • Supply counts are checked every 10 seconds.